 Dungeon Crawl Stone Soup version 0.25-a0-815-gab441bd002 (webtiles) character file.

Game seed: 17427693320587204003, levelgen mode: deterministic

28 Anathary the Scratcher (level 3, -1/15 HPs)
             Began as a Felid Transmuter on Apr 20, 2020.
             Slain by an adder (4 damage)
             ... on level 2 of the Dungeon.
             The game lasted 00:05:35 (1521 turns).

Anathary the Scratcher (Felid Transmuter)           Turns: 1521, Time: 00:05:36

Health: -1/15      AC:  1    Str:  6    XL:     3   Next: 0%
Magic:  7/7        EV: 18    Int: 15    God:
Gold:   56         SH:  0    Dex: 16    Spells: 5/6 levels left
                                        Lives:  0   Deaths: 0

rFire    . . .     SeeInvis +     - Unarmed
rCold    . . .     Gourm    .   (shield unavailable)
rNeg     . . .     Faith    .   (armour unavailable)
rPois    .         Spirit   .   (helmet unavailable)
rElec    .         Reflect  .   (cloak unavailable)
rCorr    .         Harm     .   (gloves unavailable)
MR       .....                  (boots unavailable)
Stlth    ++........             (no amulet)
HPRegen  0.05/turn              (no ring)
MPRegen  0.10/turn              (no ring)

@: lethally poisoned (-1 -> -4), quick
A: very small, no armour, no weapons or thrown items, stealth, claws 1, fangs 3,
see invisible, carnivore, speed 1, shaggy fur 1, slow metabolism 1, sharp paws
a: no special abilities


You were on level 2 of the Dungeon.
You were not hungry.

You visited 1 branch of the dungeon, and saw 2 of its levels.

You collected 56 gold pieces.

Inventory:

Missiles
 a - 29 arrows
Scrolls
 d - 2 scrolls of magic mapping {unknown}
 e - a scroll of identify {unknown}
Potions
 b - a potion of stabbing {unknown}
 f - a potion of brilliance {unknown}
 g - a potion of flight {unknown}
 h - a potion of might {unknown}
Comestibles
 c - 4 rations


   Skills:
 + Level 1.2 Fighting
 + Level 3.1 Dodging
 + Level 0.9 Stealth
 + Level 3.6 Unarmed Combat
 + Level 2.1 Spellcasting
 + Level 2.3 Transmutations


You had 5 spell levels left.
You knew the following spells:

 Your Spells              Type           Power        Failure   Level  Hunger
a - Beastly Appendage     Tmut           #.....       9%          1    #......

Your spell library contained the following spells:

 Spells                   Type           Power        Failure   Level  Hunger
 Sticks to Snakes         Tmut           #.......     13%         2    ###....
 Spider Form              Tmut/Pois      #.........   38%         3    ###....
 Ice Form                 Ice/Tmut       #.......     80%         4    #####..
 Blade Hands              Tmut           #.........   93%         5    ######.


Dungeon Overview and Level Annotations

Branches:
Dungeon (2/15)

Altars:
Makhleb
Nemelex Xobeh
Wu Jian
The Shining One

Annotations:
D:2 Jessica, Robin


Innate Abilities, Weirdness & Mutations

You cannot wear armour.
You are incapable of wielding weapons or throwing items.
Your paws allow you to move quietly. (Stealth)
You have sharp claws.
You have razor-sharp teeth.
You have supernaturally acute eyesight. (SInv)
You are carnivorous and can eat meat at any time.
You cover ground quickly.
You are covered in fur. (AC +1)
You have a slow metabolism.
Your sharp claws are effective at attacking unaware monsters.


Message History

The goblin barely misses you. The kobold hits you with a +0 dagger.
You scratch the adder.
The adder is heavily wounded.
You feel sick. The adder bites you. The goblin hits you.
* * * LOW HITPOINT WARNING * * *
The kobold closely misses you. The adder barely misses you.
You barely miss the adder.
The adder is heavily wounded.
The adder misses you.
You miss the adder.
The adder is heavily wounded.
The adder barely misses you.
You closely miss the adder.
The adder is heavily wounded.
* * * LOW HITPOINT WARNING * * *
You feel sick. The adder barely misses you.
You closely miss the adder. Your bite misses the adder.
The adder is heavily wounded.
The adder bites you.
You die...

#... ..#
#######.#######.##
#...........##...#
#.#.###..#........ #.#.#
#....รท...... #.#.#
#.........## #.#..
##.##.###.# #.##. #.####
#.# #@# .# #.# ##'## #S#
.# #.# ##...#
.......gK......# ##.....
.._..._.##r.######......
......... ..# #.......
...$8.... .$. +.......
.......... ## #.......
.._..._... ##......
........### ##.....


You could see an adder, a goblin and a kobold.

Vanquished Creatures
  A dart slug (D:2)
  A leopard gecko (D:1)
  8 bats
  A giant cockroach (D:2)
  3 goblins (D:1)
  4 hobgoblins
  2 frilled lizards (D:1)
  A kobold (D:1)
  3 rats
24 creatures vanquished.

Notes
Turn   | Place    | Note
-------+----------+-------------------------------------------
     0 | D:1      | Anathary the Felid Transmuter began the quest for the Orb.
     0 | D:1      | Reached XP level 1. HP: 9/9 MP: 4/4
   356 | D:1      | Reached XP level 2. HP: 12/12 MP: 6/6
  1241 | D:2      | Noticed Jessica
  1241 | D:2      | Noticed Robin
  1489 | D:2      | Reached XP level 3. HP: 14/15 MP: 7/7
  1506 | D:2      | Found a glowing golden altar of the Shining One.
  1510 | D:2      | Found an ornate altar of the Wu Jian Council.
  1510 | D:2      | Found a burning altar of Makhleb.
  1511 | D:2      | Found a sparkling altar of Nemelex Xobeh.
  1521 | D:2      | Slain by an adder

Levels and vault maps discovered:
D:1:      sevenhm_arrival_forest_fort_large_4, layout_basic, minivault_24,
          chequers_serial_rivers_micro_a, corexii_corridor_pit
D:2:      layout_loops_corners, grunt_temple_overflow_open, xom_teletrap_fun,
          minmay_tromino_v7, uniq_jessica, uniq_crazy_yiuf_cottage, uniq_robin

Skill      XL: |  1  2 |
---------------+-------+-----
Dodging        | 3 |  3.1
Fighting       | |  1.2
Stealth        | |  0.9
Unarmed Combat | |  3.6
Spellcasting   | |  2.1
Transmutations | |  2.3

Action                   || total
-------------------------++-------
Melee: Unarmed           ||    93
       Headbutt          ||     2
       Bite              ||     4
       Punch             ||     3
 Cast: Beastly Appendage ||     5
 Stab: Sleeping          ||     2
  Eat: Chunk             ||     1
Armor: Skin              ||    16
Dodge: Dodged            ||   104

Table legend:
 A = Non-vault XP
 B = Vault XP
 C = Vault XP percentage of total XP
 D = Non-vault monster count
 E = Vault monster count
 F = Vault count percentage of total count
                 A         B        C        D         E       F
            +---------+---------+-------+---------+---------+-------
      Total |      41 |       0 |   0.0 |      24 |       0 |   0.0
            +---------+---------+-------+---------+---------+-------
        D:1 |      27 |       0 |   0.0 |      16 |       0 |   0.0
        D:2 |      14 |       0 |   0.0 |       8 |       0 |   0.0
            +---------+---------+-------+---------+---------+-------
